 Dungeon Crawl Stone Soup version 0.31-a0-102-g33a4ccc0cb (webtiles) character file.

Game seed: 17553349573891074639

83 edwardauron the Digger (level 4, -4/36 HPs)
             Began as a Deep Elf Earth Elementalist on May 26, 2023.
             Slain by Robin
             ... wielding a +1 vampiric trident
              (8 damage)
             ... on level 3 of the Dungeon.
             The game lasted 00:02:41 (1406 turns).

edwardauron the Digger (DEEE)                       Turns: 1406, Time: 00:02:42

Health: -4/36      AC: 22    Str:  3    XL:     4   Next: 22%
Magic:  10/11      EV:  2    Int: 22    God:
Gold:   60         SH:  4    Dex: 15    Spells: 9/10 levels left

rFire   . . .        (no weapon)
rCold   . . .        g - +0 buckler
rNeg    . . .        a - melded +0 robe
rPois   +            (helmet currently unavailable)
rElec   .            (cloak currently unavailable)
rCorr   .            (gloves currently unavailable)
SInv    .            n - melded +0 pair of boots "Izixeli" {rF+ rCorr}
Will    .....        (no amulet)
Stlth   +            (no ring)
HPRegen 0.26/turn    (no ring)
MPRegen 0.12/turn

%: no passive effects
@: brilliant, tree-form, silenced
A: stationary, stasis, torment immunity, boosted hp, sense surroundings 1, weak
1
a: no special abilities


You were on level 3 of the Dungeon.
You were a tree.
You visited 1 branch of the dungeon, and saw 3 of its levels.

You collected 60 gold pieces.

Inventory:

Armour
 a - a +0 robe (melded)
 g - a +0 buckler (worn)
 n - the +0 pair of boots "Izixeli" (melded) {rF+ rCorr}
   (You found it on level 2 of the Dungeon)

   rF:        It protects you from fire.
   rCorr:     It protects you from acid and corrosion.
Scrolls
 e - a scroll of enchant armour {unknown}
 f - a scroll of fear {unknown}
 h - a scroll of identify {unknown}
 i - 3 scrolls of acquirement {unknown}
 j - 2 scrolls of noise {unknown}
Potions
 b - a potion of magic


   Skills:
 - Level 2.4 Dodging
 - Level 2.4 Stealth
 + Level 1.2 Shields
 - Level 3.7 Spellcasting
 - Level 1.1 Transmutations
 + Level 4.8 Earth Magic


You had 9 spell levels left.
You knew the following spells:

 Your Spells              Type           Power      Damage    Failure   Level
a - Sandblast             Erth           76%        2d16      3%          1

Your spell library contained the following spells:

 Spells                   Type           Power      Damage    Failure   Level
 Passwall                 Tmut/Erth      18%        N/A       13%         2
 Wereblood                Tmut           13%        N/A       24%         2
 Stone Arrow              Conj/Erth      38%        3d9       32%         3
 Lesser Beckoning         Tloc           12%        N/A       36%         2
 Sublimation of Blood     Necr           6%         N/A       36%         2
 Gell's Gravitas          Tloc           6%         N/A       58%         3
 Teleport Other           Tloc           6%         N/A       58%         3
 Dazzling Flash           Conj/Hex       6%         N/A       65%         3
 Petrify                  Tmut/Erth      22%        N/A       65%         4
 Agony                    Necr           6%         N/A       100%        5
 Silence                  Hex/Air        1%         N/A       100%        5
 Summon Hydra             Summ           3%         N/A       100%        7


Dungeon Overview and Level Annotations

Branches:
Dungeon (3/15)

Altars:

Annotations:
D:3 Robin


Innate Abilities, Weirdness & Mutations

You are a tree.
Your roots penetrate the ground, keeping you stationary.
You cannot be teleported.
You are immune to unholy pain and torment.
Your maximum health is greatly increased.
Your equipment is partially melded.
You passively map a small area around you.
You are weak. (Str -2)


Message History

You kill the goblin!
The hobgoblin hits you but does no damage.
Robin hits you from afar with a +1 vampiric trident.
* * * LOW HITPOINT WARNING * * *
Robin draws strength from your wounds!
Magic scrolls do not work when you're silenced!
You barely miss the hobgoblin.
The hobgoblin is almost dead.
The goblin no longer looks unusually strong.
Robin throws the goblin at you! The goblin barely misses you.
The hobgoblin hits you but does no damage.
Robin hits you from afar with a +1 vampiric trident.
* * * LOW HITPOINT WARNING * * *
Robin draws strength from your wounds! The goblin hits you but does no damage.
The hobgoblin hits you but does no damage.
You aren't carrying any items that you can evoke.
Okay, then.
You barely miss the hobgoblin.
The hobgoblin is almost dead.
The goblin no longer looks unusually strong.
Robin barely misses you. The hobgoblin completely misses you.
The goblin hits you but does no damage.
You barely miss the hobgoblin.
The hobgoblin is almost dead.
The goblin no longer looks unusually strong.
The goblin hits you but does no damage. The hobgoblin barely misses you.
You smack the goblin!
You kill the goblin!
The goblin no longer looks unusually strong.
Robin throws the goblin at you! You block the hobgoblin's attack.
The goblin hits you but does no damage.
You hit the goblin.
You kill the goblin!
You block the hobgoblin's attack. Robin throws the goblin at you!
You smack the goblin!
You kill the goblin!
The hobgoblin hits you.
* * * LOW HITPOINT WARNING * * *
Robin hits you from afar with a +1 vampiric trident!
You die...

, , *, * , , * * ,
* , ## , , , , .. *
**### .# *., , ,
###.##.###.. ,
#########..........
,
...g.gg♣)..........
, ,
...######....#.#..
, , ,, ,* #.#....#
,* #.##.### * ,
#.##.# *,
#.##.###.# * *
#........# ,
####.##### ,
#........#


You could see Robin, a hobgoblin and a goblin.

Vanquished Creatures
  2 adders (D:2)
  A worm (D:2)
  A dart slug (D:2)
  3 bats
  4 endoplasms
  2 giant cockroaches
  15 goblins
  6 hobgoblins
  3 kobolds (D:1)
  4 quokkas
  6 ball pythons
  4 frilled lizards
  6 rats
57 creatures vanquished.

Notes
Turn   | Place    | Note
-------+----------+-------------------------------------------
     0 | D:1      | edwardauron the Deep Elf Earth Elementalist began the quest
                  | for the Orb.
     0 | D:1      | Reached XP level 1. HP: 10/10 MP: 6/6
    12 | D:1      | Noticed a minotaur skeleton
   119 | D:1      | Reached XP level 2. HP: 15/15 MP: 6/8
   331 | D:1      | Reached skill level 4 in Earth Magic
   550 | D:1      | Found a faded altar of an unknown god.
   559 | D:1      | Reached XP level 3. HP: 19/19 MP: 8/10
  1228 | D:2      | Reached skill level 1 in Shields
  1255 | D:2      | Reached XP level 4. HP: 24/24 MP: 9/11
  1291 | D:2      | Identified the +0 pair of boots "Izixeli" {rF+ rCorr}
  1381 | D:3      | Noticed Robin
  1393 | D:3      | Gained mutation: You are weak. (Str -2) [potion of
                  | mutation]
  1393 | D:3      | Gained mutation: You passively map a small area around you.
                  | [potion of mutation]
  1406 | D:3      | Slain by Robin

Illustrated notes

Levels and vault maps discovered:
D:1:      shiori_arrival_whats_in_store_for_you, layout_basic,
          nicolae_ecumenical_snake_handling, minivault_11
D:2:      layout_rooms, dreamdust_mushroom_princess, columned_hall_lemuel,
          serial_park_tiny_1, minmay_domino_4
D:3:      layout_loops_corners, minmay_misc_feat_x, kennysheep_doodads,
          uniq_robin

Skill      XL: |  1  2  3 |
---------------+----------+-----
Earth Magic    | 4 |  4.8
Shields        | 1 |  1.2
Dodging        | |  2.4
Stealth        | |  2.4
Spellcasting   | |  3.7
Transmutations | |  1.1

Action                     |  1- 3 |  4- 6 || total
---------------------------+-------+-------++-------
  Melee: Unarmed           |       |    15 ||    15
   Cast: Sandblast         |    59 |     6 ||    65
    Use: Potion            |       |     4 ||     4
         Scroll            |       |     1 ||     1
 Armour: Robe              |     3 |     1 ||     4
         Skin              |       |    27 ||    27
  Dodge: Dodged            |     3 |    10 ||    13
  Block: Buckler           |     1 |     5 ||     6

Table legend: (Time is in decaauts)
 A = Elapsed time spent in this place.
 B = Non-inter-level travel time spent in this place.
 C = Inter-level travel time spent in this place.
 D = Time resting spent in this place.
 E = Time spent auto-exploring this place.
 F = Levels seen in this place.
 G = Mean time per level.
                   A        B        C        D        E       F      G
               +--------+--------+--------+--------+--------+-----+--------+
         Total |   1439 |   1420 |     19 |     74 |   1075 |   3 |  479.7 |
       Dungeon |   1439 |   1420 |     19 |     74 |   1075 |   3 |  479.7 |
               +--------+--------+--------+--------+--------+-----+--------+

Top non-repeatable levels by time:
     D:1: 847 daAuts
     D:2: 530 daAuts
     D:3: 61 daAuts
